[Event "Late-Titled-Tuesday-Blitz-February-20-2024"]
[Site "Chess.com"]
[Date "2024.02.20"]
[Round "7"]
[White "Doublekk14"]
[Black "dosto07"]
[Result "0-1"]
[WhiteElo "2303"]
[BlackElo "2488"]
[TimeControl "180+1"]
[EndTime "15:16:55 PST"]
[Termination "dosto07 won on time"]

1. c4 e5 2. Nc3 Nf6 3. e3 Nc6 4. Nf3 Bb4 5. Qc2 Bxc3 6. bxc3 e4 7. Nd4 Ne5 8. f4 Ng6 9. g3 d6 10. Bg2 Qe7 11. Ba3 Bd7 12. h4 h5 13. O-O-O O-O-O 14. Kb1 Qe8 15. Ka1 Ba4 16. Nb3 Qc6 17. Bh3+ Kb8 18. c5 dxc5 19. Qb2 b6 20. Rb1 Bxb3 21. Qxb3 Rxd2 22.
Qxf7 Nd5 23. Rhd1 Rxd1 24. Rxd1 Nxe3 25. Bd7 Qf6 26. Qxf6 gxf6 27. Rc1 Rd8 28. Bc6 f5 29. c4 Rd3 30. Bb2 Ne7 31. Bb5 c6 32. Ba6 Kc7 33.
Be5+ Kd7 0-1

[Event "Late-Titled-Tuesday-Blitz-February-20-2024"]
[Site "Chess.com"]
[Date "2024.02.20"]
[Round "7"]
[White "ninguno46"]
[Black "dedpihto_v_kozhanom_palto"]
[Result "0-1"]
[WhiteElo "2526"]
[BlackElo "2699"]
[TimeControl "180+1"]
[EndTime "15:16:57 PST"]
[Termination "dedpihto_v_kozhanom_palto won by resignation"]

1. e4 g6 2. d4 Bg7 3. Nc3 d6 4. Be3 Nc6 5. Bb5 a6 6. Bxc6+ bxc6 7. Nge2 Nf6 8. f3 O-O 9. Qd2 Rb8 10. Rb1 Nd7 11.
Bh6 e5 12. Bxg7 Kxg7 13. O-O c5 14. dxe5 Nxe5 15. b3 f5 16. exf5 Bxf5 17. Ng3 Qd7 18. Rbe1 Rbe8 19. Nd5 Be6 20. Ne3 h5 21. f4 Ng4 22. Nxg4 Bxg4 23. Qc3+ Kg8 24. Ne4 Qg7 25. Qc4+ Kh8 26. Ng5 Qd4+ 27. Qxd4+ cxd4 28. h3 Bf5 29. Rc1 Re2 30. Rf2 Rfe8 31. Rd1 c5 32. Rd2 Re1+ 33. Kh2 Kg7 34. Kg3 R8e3+ 35. Rf3 Re7 36.
Kf2 a5 37. c3 d3 38. g4 hxg4 39. hxg4 R1e2+ 40. Rxe2 dxe2 41. Ke1 Bxg4 42. Rg3 Bh5 43. Rd3 a4 44. Rxd6 axb3 45. axb3 Ra7 46. Re6 Ra1+ 47. Kf2 Rf1+ 0-1

[Event "Late-Titled-Tuesday-Blitz-February-20-2024"]
[Site "Chess.com"]
[Date "2024.02.20"]
[Round "7"]
[White "cthulhuuu"]
[Black "dennisodessa"]
[Result "0-1"]
[WhiteElo "2424"]
[BlackElo "2580"]
[TimeControl "180+1"]
[EndTime "15:16:58 PST"]
[Termination "dennisodessa won on time"]

1. e4 e6 2. d3 c5 3. Nf3 Nc6 4. g3 d6 5. Bg2 g6 6. O-O Bg7 7. c3 Nge7 8. d4 cxd4 9. cxd4 O-O 10. Nc3 Qb6 11. d5 Ne5 12. Nxe5 Bxe5 13. Na4 Qa6 14. Bg5 Re8 15. Rc1 exd5 16. exd5 Bd7 17. Nc3 f6 18. Be3 Nf5 19. Re1 Nxe3 20. Rxe3 f5 21. Qb3 Bd4 22.
Rxe8+ Rxe8 23. Bf1 Qb6 24. Qxb6 Bxb6 25. Nb5 Bc5 26. a3 a6 27. Nc7 Re7 28. b4 Ba7 29. Ne6 Bb6 30. Kg2 Kf7 31. Bc4 Kf6 32. f4 Re8 33.
Bb3 Rc8 34. Rxc8 Bxc8 35. Kf3 Bg1 36. h3 b5 37. g4 Bb7 38. g5+ Ke7 39. h4 Bb6 40. h5 a5 41. h6 a4 42. Ba2 Bc8 0-1

[Event "Late-Titled-Tuesday-Blitz-February-20-2024"]
[Site "Chess.com"]
[Date "2024.02.20"]
[Round "7"]
[White "ukchessbomber"]
[Black "Kosak12"]
[Result "1-0"]
[WhiteElo "2621"]
[BlackElo "2801"]
[TimeControl "180+1"]
[EndTime "15:17:01 PST"]
[Termination "ukchessbomber won on time"]

1. c4 g6 2. b3 Bg7 3. Nc3 Nf6 4. Bb2 O-O 5. e3 c5 6. Nf3 Nc6 7. Qc1 e5 8. d3 d6 9. g3 Nh5 10. Bg2 f5 11. O-O f4 12. exf4 exf4 13. Nd5 fxg3 14.
hxg3 Bg4 15. Bxg7 Nxg7 16. Ng5 Nd4 17. Re1 Ne2+ 18. Rxe2 Bxe2 19. f4 Bxd3 20. Qc3 Bf5 21. Re1 Re8 22. Nf6+ Qxf6 23. Qxf6 Rxe1+ 24. Kf2 Rd1 25.
Bxb7 Rf8 26. Qe7 h6 27. g4 Bxg4 28. Ne4 Nh5 29. Bd5+ Rxd5 30. cxd5 Rxf4+ 31. Ke3 Rf3+ 32. Kd2 Bf5 33. Qe8+ Kg7 34. Qe7+ Kg8 35. Nxd6 Ng7 36. Qf7+ Kh7 37. Ne8 Rd3+ 38. Ke2 1-0

[Event "Late-Titled-Tuesday-Blitz-February-20-2024"]
[Site "Chess.com"]
[Date "2024.02.20"]
[Round "7"]
[White "Franmu14"]
[Black "cukricek"]
[Result "1-0"]
[WhiteElo "2678"]
[BlackElo "2457"]
[TimeControl "180+1"]
[EndTime "15:17:01 PST"]
[Termination "Franmu14 won on time"]

1. e4 c5 2. Nc3 g6 3. d4 cxd4 4. Qxd4 Nf6 5. Nf3 Nc6 6. Qa4 d6 7. e5 dxe5 8. Nxe5 Bd7 9. Nxd7 Nxd7 10. Be3 Bg7 11. O-O-O O-O 12. h4 h5 13. g4 hxg4 14. h5 gxh5 15. Rxh5 Qc8 16. Bc4 Nb6 17. Qb5 Nxc4 18.
Qxc4 Ne5 19. Nd5 Qe6 20. Qe4 Rfd8 21. Qh7+ Kf8 22. Bh6 Bxh6+ 23. Rxh6 Ng6 24. Rh5 Rac8 25. Rg5 Rc5 26. Qh6+ Ke8 27. Rxg6 fxg6 28. Qh8+ Kf7 29. Qxd8 Qe5 30. Ne3 Rc7 31. Qd5+ Qxd5 32. Rxd5 1-0

[Event "Late-Titled-Tuesday-Blitz-February-20-2024"]
[Site "Chess.com"]
[Date "2024.02.20"]
[Round "7"]
[White "Dinamo3"]
[Black "MKlose11"]
[Result "0-1"]
[WhiteElo "2514"]
[BlackElo "2620"]
[TimeControl "180+1"]
[EndTime "15:17:04 PST"]
[Termination "MKlose11 won on time"]

1. c4 Nf6 2. Nc3 c5 3. g3 Nc6 4.
Bg2 d6 5. d3 g6 6. e4 Bg7 7. Nge2 O-O 8. O-O Bd7 9. h3 Rb8 10.
Be3 a6 11. a4 Ne8 12. d4 cxd4 13. Nxd4 Nc7 14. Rc1 Ne6 15. Nde2 Qa5 16. b3 Rfe8 17. Bd2 Qb6 18. Nd5 Qd8 19. Be3 b5 20. cxb5 axb5 21.
f4 bxa4 22. bxa4 Nb4 23. f5 Nc5 24. Bxc5 dxc5 25. Rxc5 Nxd5 26. Rxd5 Qb6+ 27. Kh1 Bc6 28. Rd3 Qb4 29. fxg6 hxg6 30. Qd2 Bxe4 31. Bxe4 Qxe4+ 32. Rdf3 Rb2 33. Qf4 Qxf4 34. Nxf4 e6 35. Nd3 Rb7 36. Nc5 Rc7 37. Ne4 Ra8 38. Nf6+ Bxf6 39. Rxf6 Rxa4 40. R6f4 Ra2 41. R4f2 Ra6 42. Re1 Kg7 43. Rfe2 Ra3 44. Kg2 Rcc3 45. Kf2 Rxg3 0-1

[Event "Late-Titled-Tuesday-Blitz-February-20-2024"]
[Site "Chess.com"]
[Date "2024.02.20"]
[Round "7"]
[White "ventdelest"]
[Black "Teidi96"]
[Result "0-1"]
[WhiteElo "2075"]
[BlackElo "2256"]
[TimeControl "180+1"]
[EndTime "15:17:05 PST"]
[Termination "Teidi96 won on time"]

1. e4 Nf6 2. e5 Nd5 3. c4 Nb6 4. c5 Nd5 5. Nc3 c6 6. Bc4 Nxc3 7. dxc3 d5 8. cxd6 exd6 9. Bf4 d5 10. Bd3 Be7 11. Nf3 O-O 12. h3 Re8 13. O-O Be6 14. Nd4 Qd7 15. Qh5 g6 16. Qf3 a6 17.
Nxe6 Qxe6 18. Rfe1 Nd7 19. Qe2 Bf8 20. Bg3 Bg7 21.
f4 c5 22. Qf2 b5 23. f5 gxf5 24. Bxf5 Qe7 25. Bh4 Qf8 26. Bxd7 Rxe5 27. Rxe5 Bxe5 28. Bf6 Qd6 29. Bxe5 Qxe5 30. Rf1 Rf8 31. Qf6 Qxf6 32. Rxf6 Rd8 33. Bf5 d4 34. cxd4 Rxd4 35. Rxa6 Rd2 36. Rc6 Rxb2 37. Rxc5 Rxa2 38. Rxb5 Kg7 39. Be4 Ra7 40.
Rh5 h6 41. Bf3 Rc7 42. Kh2 Re7 43. Rf5 Kg6 44. Ra5 Kg7 45. g4 Rd7 46. Kg3 Rc7 47. h4 Re7 48. Kf4 Rc7 49. Be4 Re7 50.
Rb5 Rc7 51. Rb7 Rc1 52. Bd5 Rf1+ 53. Ke5 Rf2 54. Rxf7+ Rxf7 0-1

[Event "Late-Titled-Tuesday-Blitz-February-20-2024"]
[Site "Chess.com"]
[Date "2024.02.20"]
[Round "7"]
[White "ahmedkandiliii"]
[Black "Balla_Tamas"]
[Result "0-1"]
[WhiteElo "2506"]
[BlackElo "2399"]
[TimeControl "180+1"]
[EndTime "15:17:08 PST"]
[Termination "Balla_Tamas won by checkmate"]

1. e4 c5 2. Nf3 Nc6 3. d4 cxd4 4. Nxd4 e5 5. Nb5 d6 6. N1c3 a6 7. Na3 b5 8. Nd5 Nge7 9. c4 Nxd5 10. exd5 Nd4 11.
cxb5 Bd7 12. bxa6 Qa5+ 13. Bd2 Qxd5 14. Nc2 Qe4+ 15. Ne3 Be7 16. Be2 O-O 17. O-O f5 18.
Bc4+ Kh8 19. Bd5 Qh4 20. Bxa8 Rxa8 21. Nd5 Bc6 22. Nxe7 Bf3 23. Nxf5 Qg4 24. Ne3 Qg6 25. Qb1 Be4 26. Qd1 Bf3 27. Qa4 Nf5 28. g3 Nd4 29.
Rfe1 Qh5 30. h4 Qg6 31. Bc3 Nf5 32. Nxf5 Qxf5 33. Kh2 Bd5 34. Qd1 Qxf2+ 35. Kh3 Bg2+ 36. Kg4 h5+ 37. Kg5 Qf6+ 38. Kxh5 Qf5# 0-1

[Event "Late-Titled-Tuesday-Blitz-February-20-2024"]
[Site "Chess.com"]
[Date "2024.02.20"]
[Round "7"]
[White "NCchamp"]
[Black "gmtalentoso"]
[Result "0-1"]
[WhiteElo "2329"]
[BlackElo "2470"]
[TimeControl "180+1"]
[EndTime "15:17:10 PST"]
[Termination "gmtalentoso won by resignation"]

1. d4 Nf6 2. Bg5 e6 3. e4 h6 4. Bxf6 Qxf6 5. c3 d6 6. Bd3 g6 7. Nd2 Bg7 8. Qe2 a6 9. a4 b6 10. Ngf3 Bb7 11. O-O Nd7 12. Ne1 c5 13. Nc4 e5 14.
dxe5 Nxe5 15. f4 Nxc4 16. Bxc4 O-O 17. Nd3 Rfe8 18. e5 Qe7 19. Qg4 d5 20. Ba2 h5 21.
Qg3 c4 22. Nb4 Qc5+ 23. Kh1 Bc8 24. Nc2 Bf5 25. Nd4 Bd3 26. Bb1 Bxf1 27. e6 Bd3 28.
exf7+ Kxf7 29. Bxd3 cxd3 30. f5 g5 31. Qxg5 Qd6 32.
Ne6 Rxe6 33. fxe6+ Qxe6 34. Qxh5+ Kg8 35. Rd1 Re8 36. h3 Qe5 37. Rxd3 Qxh5 0-1

[Event "Late-Titled-Tuesday-Blitz-February-20-2024"]
[Site "Chess.com"]
[Date "2024.02.20"]
[Round "7"]
[White "morte-negra"]
[Black "Agentxya"]
[Result "0-1"]
[WhiteElo "2015"]
[BlackElo "2232"]
[TimeControl "180+1"]
[EndTime "15:17:10 PST"]
[Termination "Agentxya won on time"]

1. e4 e5 2. Nf3 Nc6 3. Bc4 Nf6 4.
Ng5 d5 5. exd5 Na5 6. Bb5+ c6 7. dxc6 bxc6 8. Bd3 Qd5 9. Qe2 Bd6 10. Ne4 Qe6 11. O-O O-O 12. c3 Nxe4 13. Bxe4 f5 14. Bc2 c5 15.
Na3 Kh8 16. d4 cxd4 17. cxd4 e4 18. Nb5 Ba6 19. a4 Nc6 20. Qh5 Bxb5 21. axb5 Nxd4 22. Ba4 f4 23. Rd1 Nf5 24. b3 Be5 25. Rb1 Rad8 26. Ba3 Rg8 27. Rxd8 Rxd8 28. Bc5 Bd4 29. Bxd4 Nxd4 30.
Qh4 Qd6 31. Rf1 h6 32. h3 Rf8 33. Kh1 f3 34. g3 e3 35. fxe3 f2 36. Kh2 Nf3+ 0-1

[Event "Late-Titled-Tuesday-Blitz-February-20-2024"]
[Site "Chess.com"]
[Date "2024.02.20"]
[Round "7"]
[White "viniciusrego"]
[Black "prime-morty"]
[Result "0-1"]
[WhiteElo "2406"]
[BlackElo "2560"]
[TimeControl "180+1"]
[EndTime "15:17:12 PST"]
[Termination "prime-morty won by resignation"]

1. e4 d5 2. exd5 Qxd5 3. Nc3 Qa5 4. d4 Nf6 5. Nf3 Bf5 6. Bd2 e6 7. Bc4 Bb4 8. Ne5 Nbd7 9. a3 Bxc3 10. Bxc3 Qb6 11. Qf3 Nxe5 12. dxe5 Ne4 13. Rd1 Nxc3 14. Qxc3 O-O 15. O-O Rfd8 16. Bb3 h6 17. h4 a6 18. Rd2 Rxd2 19. Qxd2 Qc5 20. Re1 Qe7 21. h5 Rd8 22. Qe2 Qd7 23. c3 Qd2 24. Bc4 Qxe2 25. Rxe2 Bg4 26. f3 Bxh5 27. Kf2 b5 28. Bb3 Bg6 29. Ke3 Rd3+ 30. Kf2 c5 31. Bc2 Rd5 32. Bxg6 fxg6 33. f4 g5 34. fxg5 hxg5 35. Kf3 Kf7 36. Ke4 Kg6 37. Re3 c4 38. Re2 Kh5 39. Rf2 Kg6 40. Re2 Rd3 41. Rf2 g4 42. Re2 Kg5 43.
Rf2 Rd1 44. Rf7 g6 45. Rf2 Rd3 46. Re2 g3 47. Re3 Rxe3+ 48. Kxe3 Kf5 49. Kf3 Kxe5 50.
Kxg3 Kf5 51. Kf3 g5 52. g4+ Ke5 53. Ke3 Kd5 54. Kf3 e5 55. Ke3 e4 56. Ke2 Ke5 57. Ke3 a5 58. a4 bxa4 59. Ke2 Kf4 60. Kf2 Kxg4 61. Ke3 Kf5 0-1

[Event "Late-Titled-Tuesday-Blitz-February-20-2024"]
[Site "Chess.com"]
[Date "2024.02.20"]
[Round "7"]
[White "mjelcic"]
[Black "kalxandria"]
[Result "1-0"]
[WhiteElo "2241"]
[BlackElo "2218"]
[TimeControl "180+1"]
[EndTime "15:17:12 PST"]
[Termination "mjelcic won by resignation"]

1. d4 Nf6 2. c4 e6 3. Nc3 d5 4. e3 Be7 5. Nf3 O-O 6. Bd3 dxc4 7. Bxc4 c5 8. dxc5 Bxc5 9. O-O b6 10. a3 Bb7 11. b4 Be7 12. Bb2 Nbd7 13. Qe2 Qc7 14.
Bb3 Rac8 15. Rac1 Qb8 16. Rfd1 Qa8 17. Ne1 a5 18. b5 Nc5 19. Ba2 a4 20. f3 Rfd8 21.
Rxd8+ Rxd8 22. e4 Qb8 23. Rd1 Rxd1 24. Qxd1 Qd8 25. Qxd8+ Bxd8 26. Bb1 e5 27. Bc2 Nb3 28.
Nxa4 Nd4 29. Bxd4 exd4 30. Nd3 Nd7 31. Nab2 Nc5 32. Nxc5 bxc5 33. Nc4 f5 34. Kf2 fxe4 35. Bxe4 Bxe4 36. fxe4 Kf7 37. a4 Ke6 38. a5 Kd7 39. a6 Kc8 40. b6 Kb8 41. e5 Be7 42. Ke2 Bd8 43. g4 g5 44. h3 h6 45. Kd3 Ka8 46. Ke4 Kb8 47. e6 Be7 48. a7+ Kb7 49. Na5+ Ka8 50. Nc6 Bf8 51. e7 Bxe7 52. Nxe7 Kb7 53.
Nd5 1-0

[Event "Late-Titled-Tuesday-Blitz-February-20-2024"]
[Site "Chess.com"]
[Date "2024.02.20"]
[Round "7"]
[White "MarcoRiehle"]
[Black "BogdanDeac"]
[Result "0-1"]
[WhiteElo "2862"]
[BlackElo "3041"]
[TimeControl "180+1"]
[EndTime "15:17:14 PST"]
[Termination "BogdanDeac won by resignation"]

1. e4 c6 2. c4 d5 3. cxd5 cxd5 4. exd5 Nf6 5. Nc3 Nxd5 6. Nf3 a6 7. Bc4 Nb6 8. Bb3 e6 9. O-O N8d7 10. d4 Nf6 11. Ne5 Be7 12. f4 O-O 13. Be3 Nbd5 14. Qf3 Nxe3 15.
Qxe3 Bb4 16. Rad1 Bxc3 17. bxc3 Qc7 18. Rf3 b5 19. Rdf1 Bb7 20. Rg3 Ne4 21. Rh3 Rac8 22.
f5 Qe7 23. f6 Nxf6 24. Bc2 Rfd8 25. Bxh7+ Nxh7 26. Rxf7 Re8 27. Rxe7 Rxe7 28. Qd3 Ng5 29. Rg3 Ne4 30. Rg6 Rxc3 31. Qd1 Rec7 32. Nd3 Rxd3 33. Qxd3 Rc1+ 34. Qf1 Rxf1+ 35. Kxf1 Bd5 36. a3 a5 37. Rg4 a4 38. Ke2 b4 39. axb4 a3 40. Rf4 a2 41.
Rf1 Bc4+ 0-1

[Event "Late-Titled-Tuesday-Blitz-February-20-2024"]
[Site "Chess.com"]
[Date "2024.02.20"]
[Round "7"]
[White "karinachess1"]
[Black "MaestroCheck"]
[Result "1/2-1/2"]
[WhiteElo "2656"]
[BlackElo "2551"]
[TimeControl "180+1"]
[EndTime "15:17:14 PST"]
[Termination "Game drawn by repetition"]

1. d4 d5 2. c4 c6 3. Nf3 Nf6 4. g3 dxc4 5. Bg2 b5 6. Ne5 a6 7. Nxc6 Qb6 8. Na5 Ra7 9. Qd2 e6 10. O-O Be7 11. a4 O-O 12. Na3 Bd8 13. b4 Rd7 14.
Bb2 Be7 15. Nc2 Rfd8 16. e3 Nd5 17. Bc3 Ra7 18. Rfb1 Bd7 19. e4 Nxc3 20. Qxc3 Be8 21. Rd1 Nd7 22. Rab1 Rc7 23. axb5 axb5 24. e5 f6 25. Ne3 fxe5 26. dxe5 Bg6 27. Ra1 Bd3 28. h4 Nf8 29. Rac1 h6 30. h5 Nd7 31. Rxd3 Bxb4 32. Qxb4 cxd3 33. Rxc7 Qxc7 34. Nc6 Re8 35. Qxb5 d2 36. Qd3 Nxe5 37. Nxe5 Qxe5 38. Qxd2 Qxh5 39. Qd7 Qf7 40. Qxf7+ Kxf7 41. Bf3 Ke7 42. Kg2 Rf8 43. Be4 Rd8 44. Bf3 Kf6 45. Ng4+ Ke7 46. Ne5 Kf6 47. Nc6 Rd6 48. Nb4 Rd4 49. Nc2 Rd2 50. Ne3 Rd8 51. Be4 Ke5 52. Bf3 Kf6 1/2-1/2

[Event "Late-Titled-Tuesday-Blitz-February-20-2024"]
[Site "Chess.com"]
[Date "2024.02.20"]
[Round "7"]
[White "laziestwin"]
[Black "Piotrek1979"]
[Result "0-1"]
[WhiteElo "2550"]
[BlackElo "2431"]
[TimeControl "180+1"]
[EndTime "15:17:14 PST"]
[Termination "Piotrek1979 won on time"]

1. e4 c5 2. c3 Nf6 3. e5 Nd5 4. d4 cxd4 5. Qxd4 e6 6. Nf3 d6 7. exd6 Qxd6 8. Nbd2 Nc6 9. Qd3 Qc7 10. g3 Be7 11.
Bg2 O-O 12. O-O b6 13. Ne4 Bb7 14. Neg5 g6 15. c4 Ncb4 16. Qb3 Nf6 17. Bf4 Qc5 18.
Be3 Qc8 19. a3 Nc6 20. Qc3 h6 21. Nh3 Ng4 22. Nf4 Nxe3 23. Qxe3 Bf6 24. Rab1 Bg7 25. b4 Ne7 26. Rbc1 Nf5 27. Qe2 Rd8 28. c5 bxc5 29. bxc5 Ba6 30. Qe4 Bxf1 31. Bxf1 Rb8 32. c6 Qc7 33. Bg2 Nd4 34. Nxd4 Rxd4 35. Qe3 Kh7 36. h4 Rbd8 37. Bf3 e5 38. Ng2 e4 39. Bxe4 Rd1+ 40. Rxd1 Rxd1+ 41. Kh2 Qb6 42. h5 Qxe3 43. Nxe3 Rc1 44. hxg6+ fxg6 45. Nc2 Be5 46. Kg2 Kg7 47. Nb4 Bd6 48. Nc2 a5 49. Kf3 Kf6 50. Ke2 h5 51.
Kd2 Rg1 52. a4 g5 53. Nd4 h4 54. gxh4 gxh4 55. Nf3 Rg4 56. Kd3 h3 0-1

[Event "Late-Titled-Tuesday-Blitz-February-20-2024"]
[Site "Chess.com"]
[Date "2024.02.20"]
[Round "7"]
[White "Msb2"]
[Black "TigrVShlyape"]
[Result "1-0"]
[WhiteElo "3018"]
[BlackElo "2921"]
[TimeControl "180+1"]
[EndTime "15:17:16 PST"]
[Termination "Msb2 won on time"]

1. d4 d5 2. c4 c6 3. Nf3 Nf6 4. Nc3 a6 5. Qc2 b5 6. e4 b4 7. e5 bxc3 8. exf6 cxb2 9. Bxb2 exf6 10. Bc3 Bd6 11. Be2 O-O 12. O-O dxc4 13. Bxc4 Nd7 14.
Rab1 Nb6 15. Ba5 Bc7 16. Bb3 Bd7 17. Rfe1 Rb8 18. h3 Nd5 19. Bxc7 Nxc7 20. Qc5 Ne6 21. Qd6 Rb6 22. Bxe6 Rxb1 23. Bxf7+ Kxf7 24. Rxb1 Qe7 25. Qxe7+ Kxe7 26. Rb7 Rd8 27. Ra7 Kf8 28. Rxa6 Be6 29. a4 Bd5 30. Nd2 Ba2 31. Nf3 Bd5 32. a5 Bxf3 33.
gxf3 Rxd4 34. Rxc6 Ra4 35. a6 Kf7 36. Rc7+ Kg6 37.
a7 Kh6 38. Kf1 g5 39. Ke2 Kg6 40. Kd3 h5 41. Kc3 Kf5 42. Kb3 Ra1 43. Kb4 Kf4 44. Rc4+ Kxf3 45. Rc3+ Kxf2 46. Ra3 Rb1+ 47. Ka5 1-0

[Event "Late-Titled-Tuesday-Blitz-February-20-2024"]
[Site "Chess.com"]
[Date "2024.02.20"]
[Round "7"]
[White "DeArron_Fox"]
[Black "vanyakuba"]
[Result "0-1"]
[WhiteElo "2500"]
[BlackElo "2399"]
[TimeControl "180+1"]
[EndTime "15:17:17 PST"]
[Termination "vanyakuba won on time"]

1. d4 d5 2. c4 e6 3. Nc3 c5 4.
cxd5 cxd4 5. Qxd4 Nc6 6. Qd1 exd5 7. e3 Nf6 8. Nf3 Bd6 9. Be2 O-O 10. O-O a6 11. b3 Re8 12. Bb2 Bc7 13. Rc1 Qd6 14.
Qc2 Bg4 15. g3 Rad8 16. Rfd1 Bh5 17. Nd4 Bg6 18. Qd2 Ba5 19. Nxc6 bxc6 20. Qd4 c5 21. Qa4 Bxc3 22. Bxc3 d4 23. Bf1 Bh5 24. Rd3 Bg6 25. Rdd1 Ne4 26. exd4 Qf6 27. Be1 cxd4 28. Qxa6 Rd6 29. Qb5 Red8 30. Rc2 h5 31. Re2 h4 32. Bg2 Ng5 33. gxh4 Nf3+ 34. Bxf3 Qxf3 35. Red2 Qg4+ 36. Kf1 Qh3+ 37. Kg1 Be4 38. Qg5 Rg6 0-1

[Event "Late-Titled-Tuesday-Blitz-February-20-2024"]
[Site "Chess.com"]
[Date "2024.02.20"]
[Round "7"]
[White "jk13"]
[Black "aistrel"]
[Result "0-1"]
[WhiteElo "2700"]
[BlackElo "2559"]
[TimeControl "180+1"]
[EndTime "15:17:19 PST"]
[Termination "aistrel won by checkmate"]

1. e4 c6 2. Nc3 d5 3. Nf3 dxe4 4. Nxe4 Nf6 5. Qe2 Nxe4 6. Qxe4 Qd5 7. Qf4 Qe6+ 8. Be2 Qf5 9. Qa4 Nd7 10. O-O Nc5 11.
Qh4 Qxc2 12. b4 Ne6 13. b5 g5 14. Qb4 Bg7 15. Rb1 c5 16. Qb3 Qxb3 17. axb3 Nf4 18.
Bc4 Bf5 19. d3 Nxd3 20. Bxg5 Ne5 21. Nxe5 Bxe5 22. Rbe1 f6 23. Be3 b6 24. Re2 O-O-O 25. f4 Bd6 26. Ra1 Rd7 27. Bd5 Bb8 28. Bc6 Rd3 29. b4 cxb4 30. Bd2 e5 31. Bxb4 Rhd8 32.
Be7 Rd1+ 33. Rxd1 Rxd1+ 34. Kf2 Bd3 35. Rb2 exf4 36. Bxf6 Bd6 37. Kf3 Kc7 38. Kg4 a5 39. Bc3 a4 40. Rd2 Rxd2 41. Bxd2 Be5 42. Bc1 Kd6 43.
Ba3+ Ke6 44. g3 Be2+ 45. Kh3 f3 46. g4 f2 47. Kg2 f1=Q# 0-1

[Event "Late-Titled-Tuesday-Blitz-February-20-2024"]
[Site "Chess.com"]
[Date "2024.02.20"]
[Round "7"]
[White "Rashad_Zeynalli"]
[Black "Hasangatin_Ramil"]
[Result "0-1"]
[WhiteElo "2651"]
[BlackElo "2688"]
[TimeControl "180+1"]
[EndTime "15:17:19 PST"]
[Termination "Hasangatin_Ramil won by resignation"]

1. e4 d5 2. exd5 Qxd5 3. Nc3 Qd6 4. d4 Nf6 5. Nf3 a6 6. g3 b5 7. Bg2 Bb7 8. O-O e6 9. Bf4 Qb6 10. a4 Bd6 11. Bxd6 cxd6 12. axb5 axb5 13. Qe2 b4 14.
Qb5+ Nbd7 15. Qxb6 Nxb6 16. Nb5 Kd7 17. Rxa8 Rxa8 18.
Ne5+ dxe5 19. Bxb7 Ra5 20. dxe5 Rxb5 21. exf6 gxf6 22.
Rd1+ Kc7 23. Be4 f5 24. Bd3 Ra5 25. Kg2 Na4 26. Ra1 Kb6 27. b3 Nc3 28. Rxa5 Kxa5 29.
Kh3 Kb6 30. Kh4 Nd1 31. f3 Nf2 32. Bc4 Kc5 33. Kg5 Kd4 34. Kf6 Nd1 35. f4 Ne3 36. Bd3 Kc3 37. Kxf7 Nxc2 38. Bc4 Nd4 39. h3 Nxb3 40. Bxe6 Nd4 41. Bd5 Ne2 42. Kg7 h5 43. Kg6 h4 44. gxh4 Nxf4+ 45. Kxf5 Nxd5 46. h5 b3 47. h6 b2 48. h7 b1=Q+ 0-1

[Event "Late-Titled-Tuesday-Blitz-February-20-2024"]
[Site "Chess.com"]
[Date "2024.02.20"]
[Round "7"]
[White "Jadro9"]
[Black "Beca95"]
[Result "0-1"]
[WhiteElo "2632"]
[BlackElo "2897"]
[TimeControl "180+1"]
[EndTime "15:17:20 PST"]
[Termination "Beca95 won by resignation"]

1. e4 e5 2. Nf3 Nc6 3. Bb5 Nf6 4. d3 d6 5. c3 Bd7 6. O-O g6 7. Nbd2 Bg7 8. Re1 O-O 9. Nf1 a6 10. Ba4 Nh5 11. d4 b5 12. Bb3 h6 13. dxe5 dxe5 14.
Ne3 Na5 15. Bc2 Nf4 16. Nd5 Ne6 17. b3 c6 18. Nb4 Qc7 19. Be3 Rfd8 20. Nd3 c5 21. Qc1 Kh7 22. b4 cxb4 23. cxb4 Nc4 24.
Bb3 Nxe3 25. Rxe3 Rac8 26. Qxc7 Rxc7 27. Nfxe5 Bc8 28. Rd1 Nd4 29. Nxf7 Rdd7 30. Nde5 Rxf7 31. Nxf7 Nxb3 32. axb3 Rxf7 33. e5 Rc7 34. f4 Bf8 35.
Re4 Bf5 36. Red4 a5 37. bxa5 Bc5 38. b4 Bxd4+ 39. Rxd4 h5 40. Rd5 Rc1+ 41. Kf2 Rc2+ 42. Ke3 Rc3+ 43. Kf2 Rc4 44. Rxb5 Rxf4+ 45. Ke3 Re4+ 46.
Kf3 Re1 47. Kf2 Ra1 48. Rb7+ Kh6 49. Rb6 Kg5 50. a6 Kf4 51. g3+ Ke4 52. g4 Bxg4 53. e6 Ra2+ 54. Kg3 Ra3+ 55. Kh4 Kf4 0-1

[Event "Late-Titled-Tuesday-Blitz-February-20-2024"]
[Site "Chess.com"]
[Date "2024.02.20"]
[Round "7"]
[White "ajeale2"]
[Black "rionelG"]
[Result "1-0"]
[WhiteElo "2498"]
[BlackElo "2226"]
[TimeControl "180+1"]
[EndTime "15:17:21 PST"]
[Termination "ajeale2 won on time"]

1. d4 d5 2. Bf4 c5 3. e3 Nc6 4. c3 Nf6 5. Nd2 g6 6. Ngf3 Bg7 7. Be2 Nd7 8. h4 h5 9. Qb3 c4 10. Qc2 e5 11. Bg5 f6 12. Qxg6+ Kf8 13. e4 fxg5 14.
Nxg5 Qf6 15. Ne6+ Kg8 16. Qe8+ Nf8 17. exd5 Nb8 18. Qxc8 exd4 19. cxd4 Qe7 20. d6 Qxd6 21. Nc7 Nc6 22. Bxc4+ Kh7 23. Qf5+ Ng6 24. Nxa8 Rxa8 25. Qxh5+ Bh6 26. Bd3 Re8+ 27. Kf1 Re6 28. Nf3 Rf6 29. Rd1 Kg7 30. Qc5 Qf4 31. h5 Nge7 32. Rh4 Qc7 33.
d5 b6 34. Rg4+ Kf8 35. Qc4 b5 36. Qc5 Qd6 37. Qxd6 Rxd6 38. dxc6 Nxc6 39. Rg6 Rxg6 40. Bxg6 Nb4 41. a3 Na6 42. Rd6 Nc5 43. Bf5 Bg5 44. Rd5 1-0

[Event "Late-Titled-Tuesday-Blitz-February-20-2024"]
[Site "Chess.com"]
[Date "2024.02.20"]
[Round "7"]
[White "ansko1999"]
[Black "thesupera12"]
[Result "1-0"]
[WhiteElo "2655"]
[BlackElo "2482"]
[TimeControl "180+1"]
[EndTime "15:17:21 PST"]
[Termination "ansko1999 won by checkmate"]

1. h3 h6 2. Nf3 Nf6 3. d4 d5 4.
c4 Bf5 5. Nc3 e6 6. Qb3 dxc4 7.
Qxb7 Nbd7 8. Qc6 Bb4 9. Qxc4 Bxc3+ 10. bxc3 O-O 11. Ba3 Re8 12. e3 Nb6 13. Qa6 Rb8 14. Bb5 c6 15. Bd3 Nbd5 16. Bxf5 exf5 17. O-O Nxc3 18.
Rfc1 Nfd5 19. Qd3 Qa5 20. Bd6 Rb2 21. Nd2 Nxa2 22. Rc2 Nab4 23. Rxa5 Nxd3 24. Rxb2 Nxb2 25. Rxa7 Re6 26. Ra8+ Kh7 27. Ba3 Nd3 28. Rb8 f4 29. e4 Nc3 30. Rb3 Ne2+ 31. Kf1 Nec1 32. Rc3 c5 33.
Bxc1 cxd4 34. Rxd3 Rc6 35. Nb3 Rc2 36. Bxf4 Ra2 37. Bd2 Rb2 38. Nxd4 Rb1+ 39. Ke2 Rb7 40. Nf3 Kg6 41. g3 f5 42. h4 fxe4 43. Rd6+ Kh7 44. Nd4 e3 45. Bxe3 Rb2+ 46. Kf3 Ra2 47. h5 g5 48. hxg6+ Kg7 49. Nf5+ Kg8 50. Rd8# 1-0

[Event "Late-Titled-Tuesday-Blitz-February-20-2024"]
[Site "Chess.com"]
[Date "2024.02.20"]
[Round "7"]
[White "Bilan_Danila"]
[Black "janhelmer03"]
[Result "1-0"]
[WhiteElo "2465"]
[BlackElo "2275"]
[TimeControl "180+1"]
[EndTime "15:17:22 PST"]
[Termination "Bilan_Danila won by resignation"]

1. d4 d5 2. Nf3 Nf6 3. c4 c6 4. Nc3 e6 5. Bg5 h6 6. Bxf6 Qxf6 7. e3 g6 8. Be2 Nd7 9. O-O Bg7 10.
Rc1 O-O 11. b4 Nb6 12. Ne5 Qe7 13. c5 Nd7 14. f4 Kh7 15. Qc2 f5 16. b5 Nxe5 17.
fxe5 Bd7 18. Rb1 Qg5 19. Rf3 Rfc8 20. a4 b6 21. bxc6 Bxc6 22. Ba6 Rc7 23. cxb6 axb6 24. Qd3 Bb7 25. Bb5 Rac8 26. Ne2 Rc2 27. Nf4 Qe7 28. Rf2 R2c3 29. Qe2 g5 30. Nh5 Bh8 31. g4 Qf7 32. Bd3 Rc1+ 33. Rxc1 Rxc1+ 34. Kg2 Kg8 35. gxf5 exf5 36. Rxf5 Qd7 37. Qf3 Bg7 38. Nf6+ Bxf6 39.
Rxf6 g4 40. Rf8+ 1-0

[Event "Late-Titled-Tuesday-Blitz-February-20-2024"]
[Site "Chess.com"]
[Date "2024.02.20"]
[Round "7"]
[White "Polstastisch"]
[Black "SHIVACalypso"]
[Result "1-0"]
[WhiteElo "2432"]
[BlackElo "2503"]
[TimeControl "180+1"]
[EndTime "15:17:23 PST"]
[Termination "Polstastisch won by checkmate"]

1. e4 e6 2. Nc3 d5 3. d4 Nf6 4.
Bg5 Be7 5. e5 Nfd7 6. h4 h6 7.
Bxe7 Qxe7 8. Qg4 Kf8 9. O-O-O a6 10. f4 c5 11. Nf3 Nc6 12. h5 b5 13. Rh3 c4 14. Nh4 b4 15. Rg3 Rg8 16. Na4 Rb8 17. f5 Qg5+ 18. Qxg5 hxg5 19. Rxg5 exf5 20. Nxf5 Nd8 21. Nd6 Rh8 22. Be2 Nb7 23. Nxc8 Rxc8 24. Bg4 Rc7 25. Rf1 Kg8 26. e6 Nf6 27. Rxf6 Re7 28.
Rxf7 Rxf7 29. exf7+ Kxf7 30. Rf5+ Ke7 31. Rxd5 Nd6 32.
Re5+ Kd8 33. Nc5 c3 34. bxc3 bxc3 35. Kd1 Nc4 36. Rd5+ Kc7 37. Rd7+ Kb6 38. Rxg7 Re8 39. Be2 Ne3+ 40. Kc1 Nd5 41. Nd7+ Ka5 42. Ne5 Nf4 43. Bf3 Ne6 44. Rc7 Nxd4 45. Rc5+ Kb6 46. Nd7+ Ka7 47.
Rc7# 1-0